 Dungeon Crawl Stone Soup version 0.30-a0-591-g3c58d2bc28 (webtiles) character file.

Game seed: 2989383846097003946

3235 rogsnak the Destroyer (level 9, -12/67 HPs)
             Began as a White Draconian Air Elementalist on Nov 3, 2022.
             Was a Priest of Sif Muna.
             Mangled by a hornet (14 damage)
             ... on level 7 of the Dungeon on Jan 6, 2023.
             The game lasted 00:20:59 (8553 turns).

rogsnak the Destroyer (DrAE)                        Turns: 8553, Time: 00:20:59

Health: -12/67     AC:  7    Str: 10    XL:     9   Next: 66%
Magic:  4/19       EV: 12    Int: 34    God:    Sif Muna [***...]
Gold:   283        SH:  0    Dex: 13    Spells: 14/22 levels left

rFire   . . .      SeeInvis .    I - +2 flail (protect)
rCold   + + .      Faith    .    (no shield)
rNeg    . . .      Spirit   .    (body armour unavailable)
rPois   .          Reflect  .    (helmet restricted)
rElec   .          Harm     .    K - -2 cloak "Xingudy" {rC+ Regen+ Int+3}
rCorr   .          Rampage  .    (no gloves)
Will    .....                    C - +0 pair of boots
Stlth   ++                       (no amulet)
HPRegen 1.11/turn                J - +6 ring of intelligence
MPRegen 0.16/turn                M - +6 ring of intelligence

@: lethally poisoned (-12 -> -15), short of breath, slowed, very slow
A: breathe frost, AC +7, unfitting armour, cold resistance 1, cold-blooded
a: Breathe Frost, Renounce Religion, Channel Magic, Forget Spell


You were on level 7 of the Dungeon.
You worshipped Sif Muna.
Sif Muna was most pleased with you.
You visited 2 branches of the dungeon, and saw 8 of its levels.
You also visited: Ossuary.

You collected 403 gold pieces.
You spent 120 gold pieces at shops.

Inventory:

Hand Weapons
 d - a +0 dagger
 g - a +0 spear
 o - a +0 trident
 r - a +0 rapier
 u - a +3 dagger of speed
 I - a +2 flail of protection (weapon)
Missiles
 m - 3 boomerangs
 A - 8 poisoned darts
Armour
 n - a +0 buckler
 C - a +0 pair of boots (worn)
 D - a +0 cloak
 K - the -2 cloak "Xingudy" (worn) {rC+ Regen+ Int+3}
   (You found it on level 6 of the Dungeon)

   Int:       It affects your intelligence (+3).
   rC:        It protects you from cold.
   Regen:     It increases your rate of health regeneration.
Magical Staves
 t - a staff of poison
Jewellery
 J - a +6 ring of intelligence (left hand)
 M - a +6 ring of intelligence (right hand)
Wands
 x - a wand of charming (9)
 G - a wand of flame (1)
Scrolls
 b - 3 scrolls of enchant armour {unknown}
 e - 8 scrolls of teleportation {unknown}
 i - a scroll of magic mapping {unknown}
 j - 4 scrolls of vulnerability {unknown}
 l - 5 scrolls of identify {unknown}
 q - 3 scrolls of poison {unknown}
 v - 3 scrolls of noise {unknown}
 y - a scroll of amnesia {unknown}
 B - a scroll of enchant weapon {unknown}
 E - 2 scrolls of butterflies {unknown}
 F - 2 scrolls of acquirement {unknown}
 L - 3 scrolls of fear {unknown}
 N - a scroll of blinking
Potions
 a - 3 potions of magic
 c - 3 potions of mutation {unknown}
 f - 7 potions of resistance {unknown}
 h - 4 potions of invisibility {unknown}
 k - 2 potions of lignification {unknown}
 p - a potion of might {unknown}
 s - a potion of degeneration {unknown}
 w - 3 potions of curing {unknown}
 z - 3 potions of haste {unknown}
 H - a potion of ambrosia {unknown}


   Skills:
 + Level 2.1 Fighting
 + Level 3.0 Dodging
 - Level 2.0 Stealth
 + Level 7.0 Spellcasting
 * Level 8.3 Conjurations
 + Level 7.8 Air Magic


You had 14 spell levels left.
You knew the following spells:

 Your Spells              Type           Power      Damage    Failure   Level
a - Shock                 Conj/Air       100%       1d9       1%          1
b - Airstrike             Air            30%        2d(5-21)  1%          4
c - Swiftness             Air            60%        N/A       1%          3

Your spell library contained the following spells:

 Spells                   Type           Power      Damage    Failure   Level
 Static Discharge         Conj/Air       100%       2-7/arc   1%          2
 Necrotise                Necr           48%        1d6       3%          1
 Vampiric Draining        Necr           12%        2d6       11%         3
 Agony                    Necr           12%        N/A       69%         5


Dungeon Overview and Level Annotations

Branches:
Dungeon (7/15)             Temple (1/1) D:4         Ossuary (visited)

Altars:
Cheibriados
Fedhas
Gozag
Hepliaklqana
Kikubaaqudgha
Makhleb
Nemelex Xobeh
Sif Muna
Trog
Uskayaw
Vehumet
Wu Jian
Xom
Zin

Shops:
D:2 (   D:4 :[   D:7 ?


Innate Abilities, Weirdness & Mutations

You can breathe waves of freezing cold which knock back foes.
Your icy white scales are hard. (AC +7)
You cannot fit into any form of body armour.
Your flesh is cold resistant. (rC+)
You are cold-blooded and may be slowed by cold attacks.


Message History

The hornet stings you.
You feel as though you will be slow longer.
The hornet stings you.
You are poisoned.
You feel as though you will be slow longer.
The hornet stings you!
You feel as though you will be slow longer.
You barely miss the hornet.
The hornet is moderately wounded.
You feel very sick. The hornet stings you.
You feel as though you will be slow longer.
The hornet misses you. The hornet stings you.
You feel as though you will be slow longer.
You barely miss the hornet.
Your tail-slap misses the hornet.
The hornet is moderately wounded.
You feel sick.
The hornet stings you but does no damage.
The hornet stings you!
You feel as though you will be slow longer.
The hornet stings you!
* * * LOW HITPOINT WARNING * * *
You are more poisoned.
You feel as though you will be slow longer.
Casting: Airstrike (dangerous; 1% risk of failure)
Confirm with . or Enter, or press ? or * to list all spells.
Aiming: Shock (safe; 1% risk of failure)
Press: ? - help, Shift-Dir - straight line, f/p - hornet
Aim: a hornet (lightly wounded, 60% to hit)
Okay, then.
Aiming: Breathe Frost (4% risk of failure)
Press: ? - help, Shift-Dir - straight line, f/p - hornet
Aim: a hornet (lightly wounded, 52% to hit)
You exhale a wave of freezing cold.
The freezing breath misses the hornet.
You feel very sick. The hornet stings you!
* * * LOW HITPOINT WARNING * * *
You feel as though you will be slow longer.
The hornet stings you!
You die...

... #.# .#.####
#### .#.#.. ......
.)#.# ..... #)#.#
.(... #...# .....
#y.# #...#
#@.###########...#
#.)).............(
##############.###
##### #.......
#...# #....##.
#.#.# #....#
####.#.######....#
#...(#...........#
#.###########....#


You could see a hornet.

Vanquished Creatures
  Maggie (D:6)
  A shadow (D:6)
  5 yaks (D:4)
  2 steam dragons
  Menkaure (D:5)
  An acid dragon (D:6)
  A water moccasin (D:6)
  2 black bears
  A sky beast (D:6)
  2 centaurs
  A kobold brigand (D:7)
  A necrophage (D:5)
  4 wights (D:6)
  3 centaur zombies (Ossuary)
  A human zombie (Ossuary)
  2 jellies
  3 hounds
  4 iguanas
  Natasha (thrice) (D:2)
  An orc wizard (D:6)
  2 mummies (Ossuary)
  3 gnolls (D:4)
  7 adders
  2 shadow imps
  2 ufetubi
  2 adder zombies (Ossuary)
  A worm (D:3)
  2 dart slugs
  6 orcs
  4 bats
  An endoplasm (D:4)
  4 giant cockroaches
  10 goblins
  5 hobgoblins
  9 jackals
  4 quokkas
  7 ball pythons
  6 frilled lizards
  4 goblin zombies (Ossuary)
  10 hobgoblin zombies (Ossuary)
  A jackal zombie (Ossuary)
  10 kobolds
  10 kobold zombies (Ossuary)
  5 orc zombies (Ossuary)
  6 rats
  3 rat zombies
166 creatures vanquished.

Notes
Turn   | Place    | Note
-------+----------+-------------------------------------------
     0 | D:1      | rogsnak the Draconian Air Elementalist began the quest for
                  | the Orb.
     0 | D:1      | Reached XP level 1. HP: 14/14 MP: 3/3
   375 | D:1      | Reached XP level 2. HP: 20/20 MP: 1/5
  1375 | D:2      | Found Jisexky's Weapon Boutique.
  1484 | D:2      | Reached XP level 3. HP: 26/26 MP: 4/6
  1585 | D:2      | Noticed Natasha
  1591 | D:2      | Killed Natasha
  1592 | D:2      | Reached skill level 2 in Conjurations
  2086 | D:2      | Noticed Natasha
  2091 | D:2      | Killed Natasha
  2092 | D:2      | Reached XP level 4. HP: 28/33 MP: 3/8
  2401 | D:2      | Noticed Natasha
  2408 | D:2      | Killed Natasha
  3524 | D:4      | Reached XP level 5. HP: 38/38 MP: 3/9
  3610 | D:4      | Noticed a +0 falchion
  3611 | D:4      | Found a staircase to the Ecumenical Temple.
  3611 | D:4      | Noticed a +0 dagger
  3611 | D:4      | Noticed a +0 spear
  3612 | D:4      | Noticed a +0 dagger
  3612 | D:4      | Noticed a +0 short sword
  3613 | D:4      | Noticed a +0 short sword
  3613 | D:4      | Noticed a +0 spear
  3614 | D:4      | Noticed a +0 falchion
  3651 | D:4      | Reached skill level 3 in Conjurations
  3713 | Temple   | Entered the Ecumenical Temple
  3778 | Temple   | Became a worshipper of Sif Muna the Loreminder
  3806 | D:4      | Noticed a black bear
  3818 | D:4      | Killed a black bear
  3868 | D:4      | Learned a level 4 spell: Airstrike
  4007 | D:4      | Reached XP level 6. HP: 46/46 MP: 6/10
  4124 | D:4      | Found Feenlit's Antique Armour Shop.
  4205 | D:4      | Found a hazy altar of Hepliaklqana.
  4206 | D:4      | Found a burning altar of Makhleb.
  4206 | D:4      | Found a snail-covered altar of Cheibriados.
  4208 | D:4      | Found a blossoming altar of Fedhas.
  4208 | D:4      | Found a shimmering altar of Xom.
  4356 | D:4      | Reached skill level 4 in Conjurations
  4452 | D:4      | Found a hide-covered altar of Uskayaw.
  4549 | D:4      | Found Rajoz's Book Boutique.
  4584 | D:5      | Entered Level 5 of the Dungeon
  4628 | D:5      | Learned a level 3 spell: Swiftness
  4689 | D:5      | Found a sand-covered staircase.
  4720 | Ossuary  | Entered an ossuary
  4731 | Ossuary  | Reached * piety under Sif Muna
  5391 | Ossuary  | Your scales start taking on an icy white colour.
  5391 | Ossuary  | Reached XP level 7. HP: 42/51 MP: 3/12
  5391 | Ossuary  | Gained mutation: Your flesh is cold resistant. (rC+) [White
                  | Draconian growth]
  5394 | Ossuary  | Reached ** piety under Sif Muna
  5395 | Ossuary  | Reached skill level 5 in Conjurations
  5400 | Ossuary  | Reached skill level 5 in Air Magic
  5629 | D:5      | Noticed a steam dragon
  5636 | D:5      | Killed a steam dragon
  5905 | D:5      | Noticed a yak
  5907 | D:5      | Upgraded the game from 0.30-a0-341-g682706514a to
                  | 0.30-a0-347-gf58ed5266c
  5907 | D:5      | Upgraded the game from 0.30-a0-347-gf58ed5266c to
                  | 0.30-a0-354-g6b83867211
  5907 | D:5      | Upgraded the game from 0.30-a0-354-g6b83867211 to
                  | 0.30-a0-591-g3c58d2bc28
  5909 | D:5      | Noticed a yak
  5910 | D:5      | Noticed a yak
  5910 | D:5      | Noticed a yak
  5912 | D:5      | Noticed a yak
  5956 | D:4      | Killed a yak
  6015 | D:4      | Killed a yak
  6016 | D:4      | Reached skill level 1 in Fighting
  6016 | D:4      | Reached skill level 6 in Conjurations
  6016 | D:4      | Reached XP level 8. HP: 30/59 MP: 8/15
  6131 | D:4      | Reached skill level 5 in Spellcasting
  6444 | D:4      | Reached skill level 7 in Conjurations
  6773 | D:5      | Noticed Menkaure
  6779 | D:5      | Killed Menkaure
  6952 | D:5      | Found a bloodstained altar of Trog.
  7159 | D:6      | Identified the -2 cloak "Xingudy" {rC+ Regen+ Int+3}
  7185 | D:6      | Reached XP level 9. HP: 34/67 MP: 1/17
  7675 | D:6      | Noticed Maggie
  7681 | D:6      | Killed Maggie
  7682 | D:6      | Reached skill level 8 in Conjurations
  8457 | D:7      | Found Wabikax's Magic Scroll Emporium.
  8460 | D:7      | Bought a scroll of blinking for 120 gold pieces
  8507 | D:7      | Reached *** piety under Sif Muna
  8553 | D:7      | HP: 2/67 [hornet (8)]
  8553 | D:7      | Mangled by a hornet

Illustrated notes

Levels and vault maps discovered:
D:1:      lemuel_arrival_hallway, layout_loops_ring, minmay_heptomino_w4
D:2:      layout_loops_corners, serial_shops, nicolae_shop_bloodbath_and_beyond,
          nicolae_concentric_dashed_squares_mild, minmay_misc_feat_x,
          uniq_natasha
D:3:      layout_basic, minmay_stone_trees_medium,
          chequers_serial_rivers_small_b, minmay_misc_feat_square
D:4:      layout_basic, nicolae_uskayaw_en_pointe, grunt_temple_overflow_open,
          minmay_temple_entry_water_ring, serial_shops,
          nicolae_shop_competitors_out_of_business,
          nicolae_shop_competitors_out_of_business, hangedman_minor_gate_pass
D:5:      layout_cave_pools, lemuel_doored_altar, enter_ossuary_4, uniq_menkaure
D:6:      layout_gridville, grunt_decor_arrowhead, minmay_small_thing,
          uniq_maggie
D:7:      layout_basic, nicolae_qazlal_style_of_elements, serial_shops,
          nicolae_stop_n_shop_1
Temple:   nicolae_temple_great_sept

Skill      XL: |  1  2  3  4  5  6  7  8  9 |
---------------+----------------------------+-----
Conjurations   | 2 3 4 6 7 8 |  8.3
Stealth        | 2 |  2.0
Air Magic      | 4 5 6 7 |  7.8
Dodging        | 2 3 |  3.0
Spellcasting   | 3 4 5 7 |  7.0
Fighting       | 1 2 |  2.1

Action                   |  1- 3 |  4- 6 |  7- 9 || total
-------------------------+-------+-------+-------++-------
Melee: Dagger            |     4 |    31 |    20 ||    55
       Tailslap          |     5 |     3 |     6 ||    14
       Spear             |    12 |       |       ||    12
       Trident           |    18 |       |       ||    18
       Flail             |       |       |    27 ||    27
 Cast: Shock             |    59 |   160 |   136 ||   355
       Airstrike         |       |       |    23 ||    23
       Swiftness         |       |       |     1 ||     1
 Abil: Breathe Frost     |       |       |     5 ||     5
 Stab: Sleeping          |       |       |     1 ||     1
Armor: Skin              |    18 |    29 |    29 ||    76
Dodge: Dodged            |    32 |    42 |    66 ||   140

Table legend: (Time is in decaauts)
 A = Elapsed time spent in this place.
 B = Non-inter-level travel time spent in this place.
 C = Inter-level travel time spent in this place.
 D = Time resting spent in this place.
 E = Time spent auto-exploring this place.
 F = Levels seen in this place.
 G = Mean time per level.
                   A        B        C        D        E       F      G
               +--------+--------+--------+--------+--------+-----+--------+
         Total |   8558 |   8426 |    132 |   2213 |   4014 |   9 |  950.9 |
       Dungeon |   7701 |   7569 |    132 |   1789 |   3959 |   7 | 1100.1 |
        Temple |     76 |     76 |      0 |      0 |     55 |   1 |   76.0 |
       Ossuary |    780 |    780 |      0 |    424 |      0 |   1 |  780.0 |
               +--------+--------+--------+--------+--------+-----+--------+

Top non-repeatable levels by time:
     D:4: 1627 daAuts
     D:2: 1493 daAuts
     D:6: 1469 daAuts
     D:3: 1057 daAuts
     D:5: 992 daAuts
     D:1: 961 daAuts
 Ossuary: 780 daAuts
     D:7: 99 daAuts
  Temple: 76 daAuts
